 Dungeon Crawl Stone Soup version 0.26-a0-651-gb41185065b (webtiles) character file.

Game seed: 3843774340424759732

7 Lanoc the Insei (level 1, 0/15 HPs)
             Began as a Vampire Transmuter on Oct 14, 2020.
             Succumbed to an adder's poison
             ... on level 3 of the Dungeon.
             The game lasted 00:00:34 (178 turns).

Lanoc the Insei (Vampire Transmuter)                 Turns: 178, Time: 00:00:34

Health: 0/15       AC:  2    Str:  9    XL:     1   Next: 91%
Magic:  3/3        EV: 13    Int: 15    God:
Gold:   20         SH:  0    Dex: 14    Spells: 3/4 levels left

rFire    . . .     SeeInvis +     - Unarmed
rCold    . . .     Faith    .   (no shield)
rNeg     . . .     Spirit   .   a - +0 robe
rPois    .         Reflect  .   (helmet currently unavailable)
rElec    .         Harm     .   (no cloak)
rCorr    .         Rampage  .   (no gloves)
MR       .....                  (boots currently unavailable)
Stlth    +.........             (no amulet)
HPRegen  0.25/turn              (no ring)
MPRegen  0.08/turn              (no ring)

@: lethally poisoned (0 -> -1), appendages (expiring), regenerating quickly
A: fangs 3, horns 2, talons 2, see invisible, unbreathing
a: Exsanguinate, End Transformation


You were on level 3 of the Dungeon.
You had grown temporary horns.
You had grown temporary talons.
You visited 1 branch of the dungeon, and saw 3 of its levels.

You collected 20 gold pieces.

Inventory:

Armour
 a - a +0 robe (worn)
Scrolls
 b - a scroll of enchant weapon {unknown}
 c - a scroll of magic mapping {unknown}
 d - a scroll of amnesia {unknown}
 e - a scroll of blinking {unknown}


   Skills:
 + Level 1.1 Fighting
 + Level 2.3 Dodging
 * Level 3.5 Unarmed Combat
 - Level 2.0 Spellcasting
 + Level 2.3 Transmutations


You had 3 spell levels left.
You knew the following spells:

 Your Spells              Type           Power        Failure   Level
a - Beastly Appendage     Tmut           #.....       9%          1

Your spell library contained the following spells:

 Spells                   Type           Power        Failure   Level
 Wereblood                Tmut           #.......     13%         2
 Spider Form              Tmut/Pois      #.........   38%         3
 Ice Form                 Ice/Tmut       #.......     80%         4
 Blade Hands              Tmut           #.........   93%         5


Dungeon Overview and Level Annotations

Branches:
Dungeon (3/15)

Altars:


Innate Abilities, Weirdness & Mutations

Your natural rate of healing is unusually fast.
You have razor-sharp teeth.
You have supernaturally acute eyesight. (SInv)
You can survive without breathing.
You have a pair of horns on your head.
You have razor-sharp toenails.


Message History

You closely miss the adder. Your headbutt misses the adder.
Your bite misses the adder.
The adder is severely wounded.
The adder bites you.
You hit the adder but do no damage. Your headbutt misses the adder.
The adder is severely wounded.
The adder barely misses you. The adder closely misses you.
You miss the adder. Your headbutt misses the adder.
The adder is severely wounded.
You feel sick. The adder bites you.
You closely miss the adder. Your kick misses the adder.
The adder is severely wounded.
The adder bites you.
* * * LOW HITPOINT WARNING * * *
You hit the adder but do no damage.
The adder is severely wounded.
The adder barely misses you. The adder bites you.
* * * LOW HITPOINT WARNING * * *
You aren't carrying any potions.
You die...

#####.#######.##
............[...
.............# #
###....###..###
##.########..............
.........#.....#.####.###
.........#.....#.####..#
.........#.....#.......#
......S.@!.....#.#.##..##
##.#######.....#.#.......
#.....#.####.†##
#.....#.##..<.#
#.....####.....# #....(#
#.....# #.....# #.....#
.....## #.....# #......


You could see an adder.

Vanquished Creatures
  An ooze (D:2)
  A hobgoblin (D:2)
  2 rats
4 creatures vanquished.

Notes
Turn   | Place    | Note
-------+----------+-------------------------------------------
     0 | D:1      | Lanoc the Vampire Transmuter began the quest for the Orb.
     0 | D:1      | Reached XP level 1. HP: 14/14 MP: 3/3
    34 | D:2      | Reached skill level 1 in Fighting
   178 | D:3      | Succumbed to an adder's poison

Illustrated notes

Levels and vault maps discovered:
D:1:      dpeg_arrival_tiny_i, layout_basic
D:2:      layout_basic, serial_curves, eino_curves_04, eino_curves_03
D:3:      layout_basic

Skill      XL: |  1 |
---------------+----+-----
Fighting       | 1 |  1.1
Dodging        | |  2.3
Unarmed Combat | |  3.5
Spellcasting   | |  2.0
Transmutations | |  2.3

Action                   || total
-------------------------++-------
Melee: Unarmed           ||    21
       Kick              ||     4
       Headbutt          ||     2
 Cast: Beastly Appendage ||     4
Armor: Robe              ||     4
Dodge: Dodged            ||    10

Table legend: (Time is in decaauts)
 A = Elapsed time spent in this place.
 B = Non-inter-level travel time spent in this place.
 C = Inter-level travel time spent in this place.
 D = Time resting spent in this place.
 E = Time spent auto-exploring this place.
 F = Levels seen in this place.
 G = Mean time per level.
                   A        B        C        D        E       F      G
               +--------+--------+--------+--------+--------+-----+--------+
         Total |    176 |    155 |     21 |      0 |    114 |   3 |   58.7 |
       Dungeon |    176 |    155 |     21 |      0 |    114 |   3 |   58.7 |
               +--------+--------+--------+--------+--------+-----+--------+

Top non-repeatable levels by time:
     D:2: 107 daAuts
     D:3: 45 daAuts
     D:1: 24 daAuts
